 Dungeon Crawl Stone Soup version 0.20.1-1-g8b1a95d (webtiles) character file.

39 Knicklaso the Skirmisher (level 3, 0/37 HPs)
             Began as an Ogre Warper on July 23, 2017.
             Slain by Robin
             ... wielding a +0 club
              (2 damage)
             ... on level 2 of the Dungeon.
             The game lasted 00:03:55 (1234 turns).

Knicklaso the Skirmisher (Ogre Warper)              Turns: 1234, Time: 00:03:56

Health: 0/37       AC:  3    Str: 16    XL:     3   Next: 47%
Magic:  4/7        EV: 10    Int: 14    God:
Gold:   56         SH:  0    Dex:  8    Spells: 3/7 levels left

rFire    . . .     SeeInvis .   a - +0 mace
rCold    . . .     Gourm    .   (no shield)
rNeg     . . .     Faith    .   b - +0 robe
rPois    .         Spirit   .   (helmet restricted)
rElec    .         Reflect  .   (no cloak)
rCorr    .         Harm     .   (gloves unavailable)
MR       .....                  (boots unavailable)
Stlth    +.........             (no amulet)
Regen    0.2/turn               (no ring)
MPRegen  0.1/turn               (no ring)

@: very slightly contaminated
A: unfitting armour, tough skin 1
a: no special abilities


You were on level 2 of the Dungeon.
You were very hungry.

You visited 1 branch of the dungeon, and saw 2 of its levels.

You collected 56 gold pieces.

Inventory:

Hand Weapons
 a - a +0 mace (weapon)
Missiles
 e - 5 tomahawks of dispersal
 g - 94 stones (quivered)
Armour
 b - a +0 robe (worn)
Jewellery
 n - a +5 ring of strength {unknown}
Scrolls
 d - a scroll of blinking
 i - 2 scrolls of enchant armour {unknown}
 m - 2 scrolls of identify {unknown}
 o - a scroll of random uselessness {unknown}
 p - a scroll of amnesia {unknown}
Potions
 j - a potion of curing {unknown}
 l - a potion of lignification {unknown}
Books
 c - a book of Spatial Translocations

   Spells                             Type                      Level
   a - Blink                          Translocation                2
   b - Shroud of Golubria             Charms/Translocation         2
   c - Lesser Beckoning               Translocation                3
   d - Gell's Gravitas                Translocation                3
   e - Teleport Other                 Translocation                3
   f - Passage of Golubria            Translocation                4
Comestibles
 f - 2 bread rations
 k - a royal jelly


   Skills:
 + Level 3.3 Fighting
 * Level 2.2 Maces & Flails
 + Level 1.9 Throwing
 - Level 2.1 Dodging
 + Level 2.8 Spellcasting
 + Level 2.8 Translocations


You had 3 spell levels left.
You knew the following spells:

 Your Spells              Type           Power        Failure   Level  Hunger
a - Shroud of Golubria    Chrm/Tloc      #.........   19%         2    ###....
b - Blink                 Tloc           N/A          11%         2    ###....


Dungeon Overview and Level Annotations

Branches:
Dungeon (2/15)

Altars:

Annotations:
D:2 Robin


Innate Abilities, Weirdness & Mutations

You are too large for most types of armour.
You have tough skin. (AC +1)


Message History

Robin says, "A pitiful Ogre like you will never find the ORB!"
Robin hits you with a club. The goblin closely misses you.
Robin hits you but does no damage.
You barely miss the goblin. The goblin hits you with a club!
Robin hits you with a club.
* * * LOW HITPOINT WARNING * * *
You thump the goblin!
You kill the goblin!
Robin hits you with a club.
* * * LOW HITPOINT WARNING * * *
You thump Robin!
Robin is heavily wounded.
Robin hits you with a club.
* * * LOW HITPOINT WARNING * * *
Casting: Shroud of Golubria
Confirm with . or Enter, or press ? or * to list all spells.
You miscast Blink.
You are very lightly contaminated with residual magic.
You feel a wrenching sensation. Robin hits you with a club.
You die...

########.###### ##
###............## #.
..........###.## #.
##.######## #.## #.
##...# ##.##
#.##.#.#.## #...#
##.#.##.##.######.#..
#(.)g................
##.#@##.##.#..####.##
#g##.#.#.##..# #.#.
#. #...###.<# #.#. #g
##.####..####.#. #.
#............#. #.
######......... #g
#######..# #..#
########..#


You could see Robin.

Vanquished Creatures
  2 dart slugs (D:1)
  3 giant cockroaches (D:1)
  11 goblins
  3 hobgoblins (D:2)
  4 kobolds
  2 bats (D:1)
  3 frilled lizards (D:1)
  4 rats (D:1)
32 creatures vanquished.

Notes
Turn   | Place    | Note
-------+----------+-------------------------------------------
     0 | D:1      | Knicklaso the Ogre Warper began the quest for the Orb.
     0 | D:1      | Reached XP level 1. HP: 22/22 MP: 3/3
   156 | D:1      | Reached skill level 3 in Fighting
   167 | D:1      | Reached XP level 2. HP: 20/31 MP: 5/5
   679 | D:1      | Learned a level 2 spell: Shroud of Golubria
   682 | D:1      | Learned a level 2 spell: Blink
  1202 | D:2      | Reached XP level 3. HP: 35/37 MP: 7/7
  1220 | D:2      | Noticed Robin
  1234 | D:2      | Slain by Robin

Skill      XL: |  1  2 |
---------------+-------+-----
Fighting       | 3 |  3.3
Maces & Flails | 2 |  2.2
Throwing       | |  1.9
Dodging        | |  2.1
Spellcasting   | |  2.8
Translocations | |  2.8

Action                   || total
-------------------------++-------
Melee: Mace              ||   105
Throw: Stone             ||    12
 Cast: Shroud of Golubri ||     1
Armor: Robe              ||    37
Dodge: Dodged            ||    61
